 Dungeon Crawl Stone Soup version 0.30-a0-242-g7bf8e6d787 (webtiles) character file.

Game seed: 12908173794243873340

110 bande the Covered (level 4, -2/29 HPs)
             Began as a Gargoyle Fighter on Oct 11, 2022.
             Slain by an orc wizard
             ... wielding a +2 dagger of speed
              (5 damage)
             ... on level 3 of the Dungeon.
             The game lasted 00:04:02 (2437 turns).

bande the Covered (Gargoyle Fighter)                Turns: 2437, Time: 00:04:02

Health: -2/29      AC: 15    Str: 19    XL:     4   Next: 91%
Magic:  4/4        EV:  7    Int:  9    God:
Gold:   146        SH:  0    Dex: 11    Spells: 3/3 levels left

rFire   . . .      SeeInvis .    a - +0 war axe
rCold   . . .      Faith    .    c - +0 buckler
rNeg    + . .      Spirit   .    o - +0 chain mail
rPois   ∞          Reflect  .    (no helmet)
rElec   +          Harm     .    (no cloak)
rCorr   .          Rampage  .    h - +1 pair of gloves
Will    .....                    (no boots)
Stlth   ..........               (no amulet)
HPRegen 0.24/turn                (no ring)
MPRegen 0.09/turn                (no ring)

@: confused, flying (expiring), invisible
A: sickness immunity, AC +3, negative energy resistance 1, electricity
resistance, torment resistance 1, petrification resistance
a: no special abilities


You were on level 3 of the Dungeon.
You visited 1 branch of the dungeon, and saw 3 of its levels.

You collected 146 gold pieces.

Inventory:

Hand Weapons
 a - a +0 war axe (weapon)
Armour
 c - a +0 buckler (worn)
 h - a +1 pair of gloves (worn)
 o - a +0 chain mail (worn)
Jewellery
 i - an amulet of magic regeneration
Scrolls
 b - a scroll of brand weapon {unknown}
 k - a scroll of teleportation
 n - 2 scrolls of identify {unknown}
Potions
 d - 2 potions of might
 g - a potion of invisibility


   Skills:
 + Level 3.9 Fighting
 + Level 3.1 Axes
 + Level 4.1 Armour
 + Level 3.8 Shields


You had 3 spell levels left.
You didn't know any spells.
Your spell library was empty.

Dungeon Overview and Level Annotations

Branches:
Dungeon (3/15)

Altars:
Hepliaklqana
Sif Muna
Vehumet
Xom
Yredelemnul
Zin
The Shining One


Innate Abilities, Weirdness & Mutations

You are immune to sickness and miasma.
Your stone body is resilient. (AC +3)
You are immune to poison.
You resist negative energy. (rN+)
You are resistant to electric shocks. (rElec)
You are resistant to unholy torment.
You are immune to petrification.


Message History

The orc wizard is almost dead.
You miss something.
The orc wizard gestures wildly while chanting.
The orc wizard flickers and vanishes!
Something hits you but does no damage.
Unknown command.
You bump into the rock wall.
Something hits you but does no damage.
You hear some strange, mumbled words.
You are more confused.
Something hits you but does no damage.
You bump into the rock wall.
Something hits you but does no damage.
Unknown command.
You closely miss something. Something hits you.
Something hits you but does no damage.
You miss something.
An orc wizard appears from thin air!
Reactivating autopickup.
Something hits you but does no damage.
Deactivating autopickup; reactivate with Ctrl-A.
The orc wizard casts a spell at you.
You are more confused.
You miss something.
You hear some strange, mumbled words.
You are more confused.
You miss the orc wizard. You miss something.
The orc wizard hits you with a +2 dagger of speed.
* * * LOW HITPOINT WARNING * * *
You hear some strange, mumbled words.
You are more confused.
The orc wizard gestures at you while chanting.
The magic dart hits you but does no damage.
You're too confused to move!
You are starting to lose your buoyancy.
You hear some strange, mumbled words.
A puff of flame appears from out of thin air!
The puff of flame hits you but does no damage.
The orc wizard gestures at something while chanting.
You hear a shout!
You barely miss the orc wizard. You miss something. Something hits you.
* * * LOW HITPOINT WARNING * * *
The orc wizard hits you with a +2 dagger of speed.
You die...

# #......# #.# #..##
#.####.###..# #.# #....
#.....#._...# #.# ##.##
######>####.####.######.#
##..........)........
#####...###......########
#........##.######
#.###)).o.#.# #..{@...#
#.......# ...........#
#.## .♣♣#.....#.# ....
#.......# #### #...#####
# ##.# ..


You could see an orc wizard (unable to see you).

Vanquished Creatures
  2 adders
  3 worms
  5 orcs (D:3)
  7 bats
  5 endoplasms
  2 giant cockroaches (D:1)
  5 goblins
  8 hobgoblins
  6 jackals
  6 kobolds
  3 quokkas
  10 ball pythons
  2 frilled lizards (D:3)
  6 rats
70 creatures vanquished.

Vanquished Creatures (collateral kills)
  A bat (D:3)
  A rat (D:3)
2 creatures vanquished.

Vanquished Creatures (others)
  4 plants (D:3)
4 creatures vanquished.

Grand Total: 76 creatures vanquished

Notes
Turn   | Place    | Note
-------+----------+-------------------------------------------
     0 | D:1      | bande the Gargoyle Fighter began the quest for the Orb.
     0 | D:1      | Reached XP level 1. HP: 14/14 MP: 1/1
   135 | D:1      | Reached XP level 2. HP: 19/19 MP: 2/2
   388 | D:1      | Reached XP level 3. HP: 23/23 MP: 3/3
  1135 | D:2      | Reached XP level 4. HP: 29/29 MP: 4/4
  1615 | D:2      | Found a shimmering blue altar of Sif Muna.
  1979 | D:3      | Found a glowing silver altar of Zin.
  1980 | D:3      | Found a hazy altar of Hepliaklqana.
  1987 | D:3      | Found a shimmering altar of Xom.
  1993 | D:3      | Found a basalt altar of Yredelemnul.
  1994 | D:3      | Found a radiant altar of Vehumet.
  2173 | D:3      | Reached skill level 4 in Armour
  2237 | D:3      | Found a glowing golden altar of the Shining One.
  2393 | D:3      | Found a faded altar of an unknown god.
  2437 | D:3      | Slain by an orc wizard

Illustrated notes

Levels and vault maps discovered:
D:1:      mrwooster_arrival_statue_3, layout_rooms, minmay_pentomino_u2
D:2:      layout_basic, basic_altar
D:3:      layout_loops_ring, mainiacjoe_overflow_paths,
          grunt_temple_overflow_open, basic_ecumenical_altar,
          roderic_serpentine_path, minmay_tree_intersection,
          serial_bayou_ford_a, serial_bayou_pond_b,
          chequers_serial_rivers_small_b, nicolae_elevator_lobby_asterisk

Skill      XL: |  1  2  3  4 |
---------------+-------------+-----
Axes           | 2 3 |  3.1
Armour         | 4 |  4.1
Fighting       | |  3.9
Shields        | |  3.8

Action                   |  1- 3 |  4- 6 || total
-------------------------+-------+-------++-------
Melee: War axe           |    96 |   106 ||   202
  Use: Scroll            |       |     5 ||     5
       Potion            |       |     3 ||     3
Armor: Scale mail        |    71 |     5 ||    76
       Chain mail        |       |    90 ||    90
Dodge: Dodged            |    63 |    35 ||    98
Block: Buckler           |    28 |    22 ||    50

Table legend: (Time is in decaauts)
 A = Elapsed time spent in this place.
 B = Non-inter-level travel time spent in this place.
 C = Inter-level travel time spent in this place.
 D = Time resting spent in this place.
 E = Time spent auto-exploring this place.
 F = Levels seen in this place.
 G = Mean time per level.
                   A        B        C        D        E       F      G
               +--------+--------+--------+--------+--------+-----+--------+
         Total |   2520 |   2465 |     55 |    295 |   1618 |   3 |  840.0 |
       Dungeon |   2520 |   2465 |     55 |    295 |   1618 |   3 |  840.0 |
               +--------+--------+--------+--------+--------+-----+--------+

Top non-repeatable levels by time:
     D:2: 1028 daAuts
     D:3: 789 daAuts
     D:1: 702 daAuts
